 Dungeon Crawl Stone Soup version 0.18-a0-946-g3ac5b32 (webtiles) character file.

4151 JokEr the Fighter (level 10, -3/94 (96) HPs)
             Began as a Mottled Draconian Fighter on Dec 29, 2015.
             Was an Initiate of Gozag.
             Slain by a killer bee (6 damage)
             ... on level 8 of the Dungeon.
             The game lasted 00:20:38 (9256 turns).

JokEr the Fighter (Mottled Draconian Fighter)       Turns: 9256, Time: 00:20:39

HP:   -3/94 (96)    AC: 11    Str: 21    XL:     10   Next: 7%
MP:   10/10         EV: 10    Int: 10    God:    Gozag
Gold: 586           SH: 10    Dex: 10    Spells: 0 memorised, 9 levels left

rFire  . . .     SeeInvis .     a - +1 long sword
rCold  . . .     Gourm    .     (armour unavailable)
rNeg   . . .     Faith    .     b - +1 shield
rPois  .         Spirit   .     (helmet restricted)
rElec  .         Dismiss  .     r - +2 cloak
rCorr  .         Reflect  .     (no gloves)
SustAt .         Harm     .     g - +0 pair of boots
MR     .....                    (no amulet)
Stlth  +.........               (no ring)
                                q - -4 ring of slaying (curse)

@: lethally poisoned (-3 -> -6), not resistant to hostile enchantments, very
unstealthy
A: breathe sticky flame splash, unfitting armour, cold-blooded, AC +7
a: Breathe Sticky Flame, Potion Petition, Call Merchant, Bribe Branch, Renounce
Religion


You were on level 8 of the Dungeon.
You worshipped Gozag.
Gozag was noncommittal.
You were not hungry.

You visited 1 branch of the dungeon, and saw 8 of its levels.

You collected 1120 gold pieces.
You spent 120 gold pieces at shops.
You paid 414 gold pieces to Gozag.

Inventory:

Hand Weapons
 a - a +1 long sword (weapon)
 p - a cursed -1 scimitar
Armour
 b - a +1 shield (worn)
 g - a +0 pair of boots (worn)
 r - a +2 cloak (worn)
Jewellery
 h - an uncursed ring of flight
 q - a cursed -4 ring of slaying (left hand)
Wands
 f - a wand of frost (28/48)
Scrolls
 c - 3 scrolls of remove curse
 d - 2 scrolls of blinking
 e - 6 scrolls of teleportation
 k - a scroll of fog
 n - 2 scrolls of enchant weapon
 o - a scroll of recharging
 t - a scroll of identify
Potions
 i - a potion of magic
 l - 2 potions of flight
 s - a potion of degeneration {unknown}
Books
 v - a book of Spatial Translocations

   Spells                             Type                      Level
   a - Apportation                    Translocation                1
   b - Blink                          Translocation                2
   c - Shroud of Golubria             Charms/Translocation         2
   d - Portal Projectile              Translocation                3
   e - Teleport Other                 Translocation                3
   f - Passage of Golubria            Translocation                4
Comestibles
 j - 2 meat rations
 u - 2 bread rations


   Skills:
 + Level 11.6 Fighting
 + Level 10.4 Long Blades
 - Level 2.6 Dodging
 - Level 3.0 Shields


You had 9 spell levels left.
You didn't know any spells.

Dungeon Overview and Level Annotations

Branches:
Dungeon (8/15)             Temple (0/1) D:6
   Lair: D:8-11

Altars:
Elyvilon
Fedhas
Gozag
Ru
Sif Muna
Trog
Yredelemnul
Zin

Shops:
D:7 *


Innate Abilities, Weirdness & Mutations

You can spit globs of burning liquid.
You can ignite nearby creatures when you spit burning liquid.
Your weird mottled scales are hard (AC +7).
Your body does not fit into most forms of armour.
You are cold-blooded and may be slowed by cold attacks.


Message History

You feel sick.
The killer bee stings you but does no damage.
You block the killer bee's attack. x2
The killer bee stings you but does no damage.
You feel sick. You block the killer bee's attack.
The killer bee stings you but does no damage. x2
You block the killer bee's attack.
You feel sick. You block the killer bee's attack.
The killer bee stings you but does no damage.
You block the killer bee's attack.
The killer bee stings you but does no damage.
You feel less woody.
Your +2 cloak unmelds from your body.
Your +0 pair of boots unmelds from your body.
* * * LOW HITPOINT WARNING * * *
You feel sick. The killer bee barely misses you.
You block the killer bee's attack. x2
The killer bee stings you.
You die...
Your body crumbles into a pile of gold.

#.####..#..<##...#..###.####....
#....##.##..............# #####
#....##.##.............##
#....#......####..##...###
#....#....#..###.#####...## ##
#..?.....###.....# #.#..## #.
#....#..###...yy## #..#..####.
#........#..###y## ##..#.....)
##....#........#@y## ##...##...
#....#..######.##..## ###.#..#.
....(#.## #......# #.#.##.
.......## #####..## ###...###
........# #..)## #....##
......#.# #)#(.###.#.##
.....##.# #.##.....#.####
#...###.# #.####...#....## #####
#.# #..........#....


You could see 4 killer bees.

Vanquished Creatures
  A hill giant (D:8)
  Sigmund (D:2)
  2 steam dragons (D:6)
  A wyvern (D:8)
  A water moccasin (D:8)
  An ice beast (D:8)
  Duvessa (D:7)
  An orc warrior (D:7)
  2 eyes of draining (D:6)
  A necrophage (D:7)
  5 centaurs
  5 ogres
  Blork the orc (D:5)
  A big kobold (D:6)
  A giant frog (D:7)
  Dowan (D:7)
  4 scorpions
  2 killer bees (D:8)
  3 wights (D:8)
  4 crimson imps
  A giant frog zombie (D:5)
  A hound (D:7)
  A giant frog skeleton (D:5)
  2 orc priests (D:8)
  A gnoll shaman (D:5)
  3 orc wizards
  Crazy Yiuf (D:7)
  2 worker ants
  Jessica (D:2)
  An iguana (D:5)
  A hound zombie (D:7)
  2 hound skeletons
  5 gnolls (D:5)
  17 adders
  2 shadow imps
  2 oozes (D:5)
  An adder skeleton (D:8)
  2 worms (D:2)
  5 giant geckos
  17 orcs
  A giant cockroach (D:2)
  12 goblins
  8 hobgoblins
  22 jackals
  4 kobolds
  A quokka (D:8)
  2 ball pythons
  A ball python skeleton (D:5)
  5 bats
  A giant cockroach zombie (D:6)
  3 giant newts
  A jackal skeleton (D:7)
  A quokka skeleton (D:8)
  10 rats
  3 fungi
182 creatures vanquished.

Notes
Turn   | Place    | Note
--------------------------------------------------------------
     0 | D:1      | JokEr the Draconian Fighter began the quest for the Orb.
     0 | D:1      | Reached XP level 1. HP: 19/19 MP: 1/1
   230 | D:1      | Reached XP level 2. HP: 26/26 MP: 2/2
   665 | D:2      | Reached skill level 4 in Fighting
   704 | D:2      | Reached XP level 3. HP: 17/33 MP: 3/3
  1150 | D:2      | Noticed Sigmund
  1167 | D:2      | Killed Sigmund
  1167 | D:2      | Reached skill level 5 in Fighting
  1167 | D:2      | Reached XP level 4. HP: 7/42 MP: 4/4
  1167 | D:2      | Reached XP level 5. HP: 8/48 MP: 5/5
  1606 | D:2      | Noticed Jessica
  1611 | D:2      | Killed Jessica
  1874 | D:2      | You fall through a shaft!
  1931 | D:3      | Reached XP level 6. HP: 34/57 MP: 6/6
  2573 | D:3      | Reached skill level 6 in Fighting
  2917 | D:3      | Reached skill level 5 in Long Blades
  3079 | D:3      | Found an opulent altar of Gozag.
  3086 | D:3      | Became a worshipper of Gozag Ym Sagoz the Greedy
  3171 | D:3      | Found a sacrificial altar of Ru.
  3171 | D:3      | Found a blossoming altar of Fedhas.
  3447 | D:4      | Found a white marble altar of Elyvilon.
  3458 | D:4      | Your scales start taking on a weird mottled colour.
  3458 | D:4      | Reached XP level 7. HP: 46/64 MP: 7/7
  3877 | D:4      | Reached skill level 7 in Fighting
  4211 | D:5      | Entered Level 5 of the Dungeon
  4211 | D:5      | Found a basalt altar of Yredelemnul.
  5084 | D:5      | Noticed Blork the orc
  5103 | D:5      | Killed Blork the orc
  5322 | D:5      | Reached skill level 8 in Fighting
  5322 | D:5      | Reached XP level 8. HP: 72/74 MP: 8/8
  5503 | D:6      | Found a staircase to the Ecumenical Temple.
  5687 | D:6      | Found a deep blue altar of Sif Muna.
  5945 | D:6      | Reached skill level 9 in Fighting
  6332 | D:6      | Found a bloodstained altar of Trog.
  6512 | D:6      | Reached XP level 9. HP: 78/85 MP: 9/9
  6565 | D:6      | Found a glowing silver altar of Zin.
  6846 | D:7      | Reached skill level 10 in Fighting
  7323 | D:7      | Noticed Duvessa
  7330 | D:7      | Noticed Dowan
  7343 | D:7      | Killed Duvessa
  7345 | D:7      | Killed Dowan
  8052 | D:7      | Found Oreolar's Assorted Antiques.
  8063 | D:7      | Bought a scroll labeled BOISCH PICUN for 30 gold pieces
  8063 | D:7      | Bought a scroll of teleportation for 90 gold pieces
  8134 | D:7      | Noticed Crazy Yiuf
  8145 | D:7      | Killed Crazy Yiuf
  8548 | D:8      | Reached skill level 11 in Fighting
  8703 | D:8      | Reached skill level 10 in Long Blades
  8993 | D:8      | Noticed a hill giant
  9034 | D:8      | Killed a hill giant
  9034 | D:8      | Reached XP level 10. HP: 35/94 MP: 10/10
  9253 | D:8      | HP: 7/141 [poisoned by a killer bee]
  9256 | D:8      | HP: 3/94 [poisoned by a killer bee]
  9256 | D:8      | Slain by a killer bee

Vault maps used:
D:1:      minmay_arrival_stair_chambers
D:2:      uniq_sigmund, uniq_jessica
D:3:      amethyst_overflow_temple_binary, grunt_gozag_statues,
          corexii_hall_statues_i
D:4:      elyvilon_altar_5, lightli_ossuary_entry_decrepit_ruins,
          hex_intersection
D:5:      yredelemnul_altar_generic, first_bread, uniq_blork_the_orc
D:6:      kennysheep_steamy, zin_scriptorium, kennysheep_mini_moat,
          trog_eyes_of_draining, minmay_temple_entry_glass
D:7:      serial_shops, nicolae_shop_overgrown_old_shop,
          uniq_crazy_yiuf_cottage, uniq_duvessa

Action                   |  1- 3 |  4- 6 |  7- 9 | 10-12 || total
-------------------------+-------+-------+-------+-------++-------
Melee: Long sword        |    92 |   226 |   670 |    24 ||  1012
Invok: Potion Petition   |       |       |     2 |       ||     2
 Abil: Breathe Sticky Fl |       |       |    10 |     1 ||    11
  Use: Scroll            |     5 |     7 |     5 |       ||    17
       Potion            |     1 |     2 |     5 |     1 ||     9
 Stab: Sleeping          |     1 |     3 |       |       ||     4
       Distracted        |     1 |       |     1 |       ||     2
  Eat: Bread ration      |       |     1 |     2 |       ||     3
       Fruit             |       |     1 |     7 |       ||     8
       Royal jelly       |       |     1 |       |       ||     1
       Beef jerky        |       |       |     3 |       ||     3
       Meat ration       |       |       |     1 |       ||     1
